 Dungeon Crawl Stone Soup version 0.32-a0-909-gc671339a80 (webtiles) character file.

Game seed: 1330071176715171816

67 Autsider the Chiller (level 4, -3/33 HPs)
             Began as a Merfolk Ice Elementalist on Apr 7, 2024.
             Slain by an ogre
             ... wielding a +0 giant spiked club
              (36 damage)
             ... on level 2 of the Dungeon.
             The game lasted 00:05:18 (1694 turns).

Autsider the Chiller (Merfolk Ice Elementalist)     Turns: 1694, Time: 00:05:19

Health: -3/33      AC:  2    Str:  8    XL:     4   Next: 16%
Magic:  13/16      EV: 11    Int: 22    God:
Gold:   126        SH:  4    Dex: 14    Spells: 2/8 levels left

rFire   . . .        l - +2 short sword (venom)
rCold   . . .        j - +0 buckler
rNeg    . . .        a - +0 robe
rPois   .            (no helmet)
rElec   .            (no cloak)
rCorr   .            (no gloves)
SInv    .            (no boots)
Will    .....        (no amulet)
Stlth   ++           e - ring of magical power
HPRegen 0.25/turn    h - +6 ring of intelligence
MPRegen 0.15/turn

%: no passive effects
@: freezing walls, studying Long Blades
A: (nimble swimmer 2), mertail
a: no special abilities


You were on level 2 of the Dungeon.
You visited 1 branch of the dungeon, and saw 2 of its levels.

You collected 126 gold pieces.

Inventory:

Hand Weapons
 l - a +2 short sword of venom (weapon)
Armour
 a - a +0 robe (worn)
 j - a +0 buckler (worn)
Jewellery
 e - a ring of magical power (left hand)
 h - a +6 ring of intelligence (right hand)
 i - a +4 ring of protection
 k - a ring of protection from fire
 m - a +6 ring of strength
Scrolls
 c - a scroll of fear {unknown}
 d - 2 scrolls of teleportation {unknown}
 f - 2 scrolls of enchant weapon {unknown}
 g - 3 scrolls of identify {unknown}
Potions
 b - a potion of magic


   Skills:
 + Level 1.9 Fighting
 - Level 2.6 Dodging
 - Level 2.1 Stealth
 + Level 0.7 Shields
 + Level 2.6 Spellcasting
 + Level 0.5 Translocations
 + Level 4.9 Ice Magic


You had 2 spell levels left.
You knew the following spells:

 Your Spells              Type           Power      Damage    Failure   Level
a - Freeze                Ice            96%        1d10      2%          1
b - Frozen Ramparts       Ice            48%        1d8       9%          3
z - Blink                 Tloc           10%        N/A       26%         2

Your spell library contained the following spells:

 Spells                   Type           Power      Damage    Failure   Level
 Lesser Beckoning         Tloc           10%        N/A       26%         2
 Momentum Strike          Conj/Tloc      8%         3d8       28%         2
 Ozocubu's Armour         Ice            24%        N/A       9%          3
 Hailstorm                Conj/Ice       13%        3d6       22%         3
 Summon Ice Beast         Ice/Summ       13%        N/A       22%         3


Dungeon Overview and Level Annotations

Branches:
Dungeon (2/15)

Altars:

Annotations:
D:1 exclusion: downstairs


Innate Abilities, Weirdness & Mutations

((You are very nimble when in or above water. (Stealth+, EV+, Speed+++)))
Your lower body shifts to a powerful aquatic tail in water.


Message History

The frozen ramparts melt away.
Found a ring mail.
Jessica the Apprentice Sorceress comes into view.
She is wielding a +0 dagger.
Jessica shouts!
Casting: Frozen Ramparts (quite dangerous; 9% risk of failure)
Confirm with . or Enter, or press ? or * to list all spells.
Casting: Frozen Ramparts (quite dangerous; 9% risk of failure)
Press: ? - help, Dir - look around, f - activate The walls around you are covered in ice.
The wall freezes Jessica but does no damage.
Jessica hits you with a +0 dagger.
You hit Jessica.
Jessica is poisoned.
Jessica is heavily wounded.
The wall freezes Jessica.
You block Jessica's attack.
You hit Jessica.
You kill Jessica!
You have reached level 4!
The frozen ramparts melt away.
Things that are here:
a +0 dagger; a +0 robe You see here a +0 ring mail.
g - 3 scrolls labelled FAAMPA SOGRIU (gained 1)
Found a stone staircase leading up.
There is a stone staircase leading up here.
You see here a scarf of resistance.
An ogre is nearby!
The ogre shouts!
Casting: Frozen Ramparts (quite dangerous; 9% risk of failure)
Confirm with . or Enter, or press ? or * to list all spells.
Casting: Frozen Ramparts (quite dangerous; 9% risk of failure)
Press: ? - help, Dir - look around, f - activate The walls around you are covered in ice.
The wall freezes the ogre!
The wall freezes the ogre.
You puncture the ogre!
The ogre is poisoned.
The ogre is severely wounded.
The wall freezes the ogre.
The ogre hits you with a +0 giant spiked club!!!
Ouch! That really hurt!
You die...

........##...............
..#.##.########....###...
..#.##.# #........##
.......# #...######
###.#### #...# #.# #...#
###.# ##.##
....############O#########
#####[.....<##..@........#
#.#####.##.#.#..####.#
#.#####.#.......####.#
#.##..............##.######
#.#...#.#..#.#).#.#.......#
#.#...#.#..#.#..#......##.#
#.......#............#.##.#
#.......#.......###.#..##.#
#.......####.#### #.#.###.#


You could see an ogre (very poisoned).

Vanquished Creatures
  Jessica (D:2)
  An adder (D:2)
  A dart slug (D:1)
  5 bats (D:1)
  2 endoplasms
  A giant cockroach (D:2)
  3 goblins
  2 hobgoblins (D:1)
  A quokka (D:1)
  7 ball pythons
  A frilled lizard (D:2)
  5 kobolds
  A rat (D:1)
31 creatures vanquished.

Notes
Turn   | Place    | Note
-------+----------+-------------------------------------------
     0 | D:1      | Autsider the Merfolk Ice Elementalist began the quest for
                  | the Orb.
     0 | D:1      | Reached XP level 1. HP: 13/13 MP: 3/3
   194 | D:1      | Found a faded altar of an unknown god.
   291 | D:1      | Reached XP level 2. HP: 20/20 MP: 3/5
   294 | D:1      | Reached skill level 1 in Fighting
  1142 | D:2      | Learned a level 2 spell: Blink
  1155 | D:2      | Noticed an ogre
  1224 | D:2      | Reached XP level 3. HP: 26/26 MP: 6/6
  1245 | D:2      | Learned a level 3 spell: Frozen Ramparts
  1561 | D:2      | Noticed Jessica
  1564 | D:2      | Killed Jessica
  1565 | D:2      | Reached XP level 4. HP: 29/33 MP: 7/7
  1694 | D:2      | Slain by an ogre

Illustrated notes

Levels and vault maps discovered:
D:1:      dpeg_arrival_triangle_fractal, layout_basic,
          nicolae_ecumenical_snake_handling, chequers_serial_rivers_marsh,
          minmay_pentomino_p4
D:2:      layout_loops_cross, uniq_jessica

Skill      XL: |  1  2 |
---------------+-------+-----
Fighting       | 1 |  1.9
Dodging        | |  2.6
Stealth        | |  2.1
Shields        | |  0.7
Spellcasting   | |  2.6
Translocations | |  0.5
Ice Magic      | |  4.9

Action                     |  1- 3 |  4- 6 || total
---------------------------+-------+-------++-------
  Melee: Unarmed           |     3 |       ||     3
         Short sword       |     9 |     1 ||    10
   Cast: Freeze            |    35 |       ||    35
         Frozen Ramparts   |     3 |     1 ||     4
   Stab: Sleeping          |     1 |       ||     1
 Armour: Robe              |    27 |     1 ||    28
  Dodge: Dodged            |    25 |       ||    25
  Block: Buckler           |     3 |       ||     3

Table legend: (Time is in decaauts)
 A = Elapsed time spent in this place.
 B = Non-inter-level travel time spent in this place.
 C = Inter-level travel time spent in this place.
 D = Time resting spent in this place.
 E = Time spent auto-exploring this place.
 F = Levels seen in this place.
 G = Mean time per level.
                   A        B        C        D        E       F      G
               +--------+--------+--------+--------+--------+-----+--------+
         Total |   1691 |   1626 |     65 |      0 |   1353 |   2 |  845.5 |
       Dungeon |   1691 |   1626 |     65 |      0 |   1353 |   2 |  845.5 |
               +--------+--------+--------+--------+--------+-----+--------+

Top non-repeatable levels by time:
     D:1: 1177 daAuts
     D:2: 513 daAuts
